 Dungeon Crawl Stone Soup version 0.23.2-40-g277498a001 (webtiles) character file.

Game seed: 4353775561383484611

30 Gildeon the Skirmisher (level 3, 0/26 HPs)
             Began as an Octopode Fighter on Sept 26, 2019.
             Slain by a kobold
             ... wielding a +0 whip
              (2 damage)
             ... on level 1 of the Dungeon.
             The game lasted 00:01:33 (799 turns).

Gildeon the Skirmisher (Octopode Fighter)            Turns: 799, Time: 00:01:34

Health: 0/26       AC:  1    Str: 15    XL:     3   Next: 18%
Magic:  3/3        EV: 12    Int: 10    God:
Gold:   0          SH:  8    Dex: 12    Spells: 2/2 levels left

rFire    . . .     SeeInvis .   a - +0 trident
rCold    . . .     Gourm    .   b - +0 shield
rNeg     . . .     Faith    .   (helmet restricted)
rPois    .         Spirit   .   (no amulet)
rElec    .         Reflect  .   (no ring)
rCorr    .         Harm     .   (no ring)
MR       .....                  (no ring)
Stlth    +++.......             (no ring)
HPRegen  0.08/turn              (no ring)
MPRegen  0.08/turn              (no ring)
                                (no ring)
                                (no ring)

@: no status effects
A: almost no armour, stealthy swim, amphibious, 8 rings, constrict 8, camouflage
1, gelatinous body 1
a: no special abilities


You were on level 1 of the Dungeon.
You were not hungry.

You visited 1 branch of the dungeon, and saw 1 of its levels.

Inventory:

Hand Weapons
 a - a +0 trident (weapon)
Armour
 b - a +0 shield (worn)
Scrolls
 e - a scroll of identify {unknown}
Potions
 c - a potion of might
 g - a potion of berserk rage {unknown}
Comestibles
 d - 3 rations
 f - 3 chunks of flesh


   Skills:
 + Level 3.2 Fighting
 * Level 2.6 Polearms
 + Level 3.2 Dodging
 + Level 1.3 Stealth
 + Level 3.1 Shields


You had 2 spell levels left.
You didn't know any spells.
Your spell library was empty.

Dungeon Overview and Level Annotations

Branches:
Dungeon (1/15)

Altars:


Innate Abilities, Weirdness & Mutations

You cannot wear most types of armour.
You are very stealthy in the water. (Stealth+)
You are amphibious.
You can wear up to eight rings at the same time.
You can use your tentacles to constrict eight enemies at once.
Your skin changes colour to match your surroundings (Stealth+).
Your rubbery body absorbs attacks. (AC +1, EV +1)


Message History

The jackal closely misses you.
You closely miss the jackal. You grab the jackal. You constrict the jackal.
The jackal bites you. You block the jackal's attack. The jackal bites you.
* * * LOW HITPOINT WARNING * * *
You release your grip on the jackal.
The jackal barely misses you. The jackal misses you.
The kobold hits you but does no damage. You block the jackal's attack.
You closely miss the jackal. You grab the jackal.
You constrict the jackal, but do no damage.
You block the jackal's attack. The jackal bites you.
* * * LOW HITPOINT WARNING * * *
You block the kobold's attack. The jackal misses you.
You hit the jackal.
The jackal is lightly wounded.
You constrict the jackal. The jackal bites you.
* * * LOW HITPOINT WARNING * * *
The jackal bites you.
* * * LOW HITPOINT WARNING * * *
The kobold hits you with a +0 whip.
You die...

§≈§#≈≈≈#≈§≈#.......###.#.#
≈§§#≈§≈#≈≈≈#.......# .#.#
≈§≈#≈≈§#§§§#.......###...###
.§.#...#§§.#...#............
...#...#...#.....###.###...
...#...##'##.....#(....#
...#..###..#.....#.....#...
...##'#....#...#.h..>....#
#'##......##...#@#.....#....
........####...Kh#.....#.###
....######......†###.### .
##### #.#..##(....... #
...............
#.....†).....#..
###...##........ #...
....... #... ..#..#.


You could see 2 jackals and a kobold.

Vanquished Creatures
  An ooze (D:1)
  A leopard gecko (D:1)
  4 giant cockroaches (D:1)
  3 goblins (D:1)
  5 hobgoblins (D:1)
  2 jackals (D:1)
  A bat (D:1)
  2 kobolds (D:1)
  A rat (D:1)
20 creatures vanquished.

Notes
Turn   | Place    | Note
-------+----------+-------------------------------------------
     0 | D:1      | Gildeon the Octopode Fighter began the quest for the Orb.
     0 | D:1      | Reached XP level 1. HP: 16/16 MP: 1/1
   138 | D:1      | Reached XP level 2. HP: 21/21 MP: 2/2
   760 | D:1      | Reached skill level 1 in Stealth
   782 | D:1      | Reached XP level 3. HP: 22/26 MP: 3/3
   799 | D:1      | Slain by a kobold

Skill      XL: |  1  2 |
---------------+-------+-----
Stealth        | 1 |  1.3
Fighting       | |  3.2
Polearms       | |  2.6
Dodging        | |  3.2
Shields        | |  3.1

Action                   || total
-------------------------++-------
Melee: Trident           ||    42
       Constrict         ||    11
       Tentacles         ||     8
 Stab: Sleeping          ||     3
Armor: Skin              ||     4
Dodge: Dodged            ||    30
Block: Shield            ||    22
